[Event "Titled Tuesday Blitz July 13 2021"]
[White "Chigaev, Maksim"]
[Black "Willow, Jonah B"]
[WhiteFideId "4108116"]
[BlackFideId "438804"]
[WhiteElo "2646"]
[BlackElo "2261"]
[Result "1-0"]
[Round "08"]
[TimeControl "180+1"]
[Date "2021.07.13"]
[WhiteClock "0:00:09"]
[BlackClock "0:00:06"]

1. d4 Nf6 2. c4 e6 3. Nf3 c5 4. g3 cxd4 5. Nxd4 Nc6 6. Bg2 Bc5 7. Nb3 Be7 8. O-O O-O 9. Nc3 b6 10. Bf4 Bb7 11. Nb5 e5 12. Bg5 Ne8 13. Be3 a6 14. Nc3 Nf6 15. Rc1 Rb8 16. Qd2 Nb4 17. Bxb7 Rxb7 18. Rfd1 h6 19. h3 Qc8 20. Nd5 Nbxd5 21. cxd5 Qa8 22. d6 Bd8 23. Qd3 Rb8 24. Qf5 Qe4 25. Qxe4 Nxe4 26. g4 Re8 27. f3 Ng5 28. Bxg5 Bxg5 29. Rc7 Be3+ 30. Kf1 Red8 31. Rd3 Bf4 32. e4 f6 33. Na1 Kf7 34. Nc2 a5 35. Na3 Ke6 36. Nb5 g6 37. a4 f5 38. Ke2 fxe4 39. fxe4 h5 40. Rcc3 hxg4 41. hxg4 Rh8 42. Rh3 g5 43. Rcd3 Kf7 44. b3 Rbc8 45. Nc7 Kg6 46. Kf1 Rcf8 47. Kg2 Bc1 48. Nd5 Bf4 49. Ne7+ Kf7 50. Nf5 Ke6 51. Rc3 Rc8 52. Rxh8 Rxh8 53. Rh3 Rc8 54. Rh6+ Kf7 55. Rh7+ Kf6 56. Rxd7 Rc2+ 57. Kf3 Rc3+ 58. Ke2 Rxb3 59. Rb7 Rb2+ 60. Kd3 Rd2+ 61. Kc4 Ke6 62. Re7+ Kf6 63. Rc7 Ke6 64. Kb5 Bh2 65. Re7+ Kf6 66. Rh7 Bg1 67. Kc6 Ke6 68. Rh6+ Kf7 69. d7 Rc2+ 70. Kb7 Rd2 71. Kc7 Rc2+ 72. Rc6 1-0


[Site "https://www.chess.com"]

[Event "Titled Tuesday Blitz July 13 2021"]
[White "Costachi, Mihnea"]
[Black "Rozhkov, Viacheslav"]
[WhiteFideId "1217518"]
[BlackFideId "4181484"]
[WhiteElo "2482"]
[BlackElo "2324"]
[Result "1-0"]
[Round "08"]
[TimeControl "180+1"]
[Date "2021.07.13"]
[WhiteClock "0:02:02"]
[BlackClock "0:00:43"]

1. d4 d5 2. c4 dxc4 3. Nf3 Nf6 4. e3 e6 5. Bxc4 a6 6. O-O c5 7. Bb3 b5 8. a4 b4 9. Nbd2 Bb7 10. e4 Nxe4 11. Re1 Nf6 12. Ng5 Bd5 13. dxc5 Bxc5 14. Nde4 Nxe4 15. Nxe4 Bxe4 16. Qxd8+ Kxd8 17. Rxe4 Nd7 18. Bf4 h6 19. Rd1 Ke7 20. a5 Rac8 21. Rc4 Nf6 22. Rxc5 Rhd8 23. Rxc8 1-0


[Site "https://www.chess.com"]

[Event "Titled Tuesday Blitz July 13 2021"]
[White "Csonka, Balazs"]
[Black "Altman, Joshua"]
[WhiteFideId "742910"]
[BlackFideId "426210"]
[WhiteElo "2404"]
[BlackElo "1945"]
[Result "1-0"]
[Round "08"]
[TimeControl "180+1"]
[Date "2021.07.13"]
[WhiteClock "0:00:05"]
[BlackClock "0:00:14"]

1. d4 Nf6 2. Bf4 e6 3. e3 b6 4. Qf3 Nc6 5. Nc3 Bb7 6. O-O-O Bb4 7. Nge2 O-O 8. a3 Be7 9. e4 d5 10. e5 Ne4 11. Nxe4 dxe4 12. Qxe4 Na5 13. Qd3 Qc8 14. Nc3 c5 15. d5 exd5 16. Nxd5 Bxd5 17. Qxd5 Rd8 18. Qf3 Qe6 19. Kb1 Rxd1+ 20. Qxd1 Rd8 21. Qf3 c4 22. Be2 h6 23. Rd1 Rc8 24. Qg4 Qxg4 25. Bxg4 Rd8 26. Rxd8+ Bxd8 27. Bd7 Nb7 28. Bb5 Na5 29. Bd2 Bc7 30. f4 f6 31. exf6 gxf6 32. g3 Kf7 33. Kc1 Ke6 34. Kd1 Kf5 35. Ke2 Kg6 36. Kf3 Kf7 37. Ke4 Nb7 38. Bxc4+ Ke7 39. Bd5 Nc5+ 40. Kf3 Nd7 41. c4 Bd6 42. b4 a5 43. Ke4 axb4 44. axb4 h5 45. Kf5 Nf8 46. Be3 Bxb4 47. Bxb6 Nd7 48. Bd4 Nc5 49. Kg6 Kf8 50. Bxf6 Nd7 51. Bg5 Bc3 52. Kxh5 Nf6+ 53. Kg6 Nd7 54. h4 Nb6 55. h5 Nxd5 56. cxd5 Bd4 57. h6 Bh8 58. Bf6 Bxf6 59. Kxf6 1-0


[Site "https://www.chess.com"]

[Event "Titled Tuesday Blitz July 13 2021"]
[White "Damjanovic, Vladimir"]
[Black "deribas12345"]
[WhiteFideId "903795"]
[WhiteElo "2374"]
[BlackElo "2516"]
[Result "0-1"]
[Round "08"]
[TimeControl "180+1"]
[Date "2021.07.13"]
[WhiteClock "0:00:05"]
[BlackClock "0:00:05"]

1. e4 c5 2. Nf3 d6 3. d4 cxd4 4. Nxd4 Nf6 5. Nc3 a6 6. a4 e5 7. Nf3 Be7 8. Bg5 Nbd7 9. Bc4 O-O 10. O-O Nc5 11. Bxf6 Bxf6 12. b4 Ne6 13. Nd5 Nf4 14. Nxf4 exf4 15. Ra3 Qb6 16. Qd2 Bg4 17. Qxf4 Qxb4 18. e5 Qxa3 19. exf6 Bh5 20. Nh4 Bg6 21. Qg5 Qc3 22. fxg7 Qxg7 23. Bb3 Rae8 24. Qd5 Qf6 25. g3 Re5 26. Qxb7 a5 27. f4 Rc5 28. f5 Bh5 29. Qe4 Kh8 30. Ng2 Re5 31. Qf4 Be2 32. Rf2 Rfe8 33. g4 Bd1 34. h4 Re1+ 35. Kh2 R1e2 36. Rxe2 Rxe2 37. g5 Qe5 38. Qxe5+ Rxe5 39. f6 Kg8 40. Nf4 Kf8 41. Kg3 Rc5 42. Nd3 Rc3 43. Kf4 Bxc2 44. Bxc2 Rxc2 45. Ke4 Rc4+ 46. Kd5 Rxa4 47. Nf2 Rxh4 48. Ne4 Rxe4 49. Kxe4 a4 50. Kd5 a3 51. Kc4 a2 0-1


[Site "https://www.chess.com"]

[Event "Titled Tuesday Blitz July 13 2021"]
[White "Derraugh, Geordie"]
[Black "Nozdrachev, Leonid"]
[WhiteFideId "2603950"]
[BlackFideId "24113433"]
[WhiteElo "2132"]
[BlackElo "2221"]
[Result "0-1"]
[Round "08"]
[TimeControl "180+1"]
[Date "2021.07.13"]
[WhiteClock "0:00:44"]
[BlackClock "0:01:29"]

1. e4 d6 2. d4 Nf6 3. Nc3 e5 4. Nf3 Nbd7 5. Bg5 Be7 6. Qd2 O-O 7. O-O-O c6 8. h4 b5 9. dxe5 dxe5 10. Bd3 b4 11. Ne2 c5 12. h5 c4 13. Bxc4 Nxe4 14. Bxe7 Qxe7 15. Qd5 Nxf2 16. Qxa8 Nxh1 17. Rxh1 e4 18. Nd2 e3 19. Nf3 Nb6 20. Qc6 Bd7 21. Qc7 Rc8 22. Bxf7+ Qxf7 23. Qxa7 Na4 24. b3 Rxc2+ 25. Kxc2 Bf5+ 26. Kc1 Qxa7 27. bxa4 Qc5+ 28. Kd1 Qc2+ 29. Ke1 Qb1+ 0-1


[Site "https://www.chess.com"]

[Event "Titled Tuesday Blitz July 13 2021"]
[White "Deviprasath, Sharvesh"]
[Black "Novikov, Evgenij"]
[WhiteFideId "30938228"]
[BlackFideId "4125380"]
[WhiteElo "2102"]
[BlackElo "2242"]
[Result "0-1"]
[Round "08"]
[TimeControl "180+1"]
[Date "2021.07.13"]
[WhiteClock "0:00:03"]
[BlackClock "0:00:03"]

1. Nf3 c5 2. b3 Nc6 3. Bb2 d5 4. e3 a6 5. d4 cxd4 6. Nxd4 Nf6 7. c4 Nxd4 8. Qxd4 e6 9. Nc3 Bb4 10. O-O-O Bd6 11. cxd5 e5 12. Qd2 Bf5 13. f3 Rc8 14. g3 Qa5 15. Bc4 b5 16. Nxb5 Qxb5 17. e4 Bd7 18. Kb1 Qb7 19. h4 h5 20. Rhe1 Bb5 21. Bxb5+ Qxb5 22. f4 Ng4 23. fxe5 Bxe5 24. Bxe5 Nxe5 25. Qg5 Nc4 26. Qxg7 Na3+ 27. Kb2 Nc2 28. Qxh8+ Kd7 29. Qxh5 Nxe1 30. Qxf7+ Kd8 31. Rxe1 Qd3 32. Qf5 Qc2+ 33. Ka3 Qc5+ 34. Kb2 Qc3+ 35. Ka3 Qa5+ 36. Kb2 Qxe1 37. Qf6+ Kd7 38. Qe6+ Kc7 39. Qc6+ Kb8 40. Qb6+ Ka8 41. Qxa6+ Kb8 42. Qb6+ Ka8 43. Qa6+ Kb8 44. d6 Qc1# 0-1


[Site "https://www.chess.com"]

[Event "Titled Tuesday Blitz July 13 2021"]
[White "Djordjevic, Vuk"]
[Black "Borisova, Ekaterina"]
[WhiteFideId "902098"]
[BlackFideId "34124184"]
[WhiteElo "2463"]
[BlackElo "2021"]
[Result "1-0"]
[Round "08"]
[TimeControl "180+1"]
[Date "2021.07.13"]
[WhiteClock "0:00:05"]
[BlackClock "0:00:14"]

1. d4 Nf6 2. Bg5 e6 3. e4 h6 4. Bxf6 Qxf6 5. c3 d6 6. Bd3 g6 7. Ne2 Bg7 8. O-O O-O 9. f4 Qe7 10. e5 c5 11. Na3 b6 12. exd6 Qxd6 13. Be4 Nc6 14. Nb5 Qd7 15. dxc5 bxc5 16. Qxd7 Bxd7 17. Rfd1 Rad8 18. Rxd7 Rxd7 19. Bxc6 Rd2 20. Kf1 a6 21. Na3 Rxb2 22. Nc4 Rbb8 23. Rc1 Rfd8 24. Be4 g5 25. f5 Kf8 26. Ng3 Ke7 27. Ke2 Bh8 28. Nf1 Re8 29. Nfe3 h5 30. fxe6 fxe6 31. Bg6 Rf8 32. Bxh5 Bg7 33. Bg4 Rf4 34. g3 Rff8 35. Bf3 Rh8 36. Rh1 Bxc3 37. h4 gxh4 38. gxh4 Bd4 39. Nc2 e5 40. h5 Rh6 41. N2e3 Rf8 42. Ng4 Rh7 43. Ncxe5 Bxe5 44. Nxe5 Kf6 45. Nd3 c4 46. Nc5 Ke5 47. Rh4 Rhf7 48. Rh3 c3 49. Nd3+ Kd4 50. Nc1 Re8+ 51. Kd1 Re3 52. Rh4+ Ke5 53. Be2 Rd7+ 54. Ke1 c2 55. Kf2 Ra3 56. h6 Rh7 57. Bd3 Rh8 58. h7 Rc3 59. Ke2 Rc7 60. Kd2 a5 61. Rh5+ Kd4 62. Nb3# 1-0


[Site "https://www.chess.com"]

[Event "Titled Tuesday Blitz July 13 2021"]
[White "Dobrowolski, Piotr"]
[Black "Srihari L R"]
[WhiteFideId "1106236"]
[BlackFideId "46617116"]
[WhiteElo "2304"]
[BlackElo "2121"]
[Result "1-0"]
[Round "08"]
[TimeControl "180+1"]
[Date "2021.07.13"]
[WhiteClock "0:01:05"]
[BlackClock "0:00:01"]

1. e4 c5 2. c3 Nf6 3. e5 Nd5 4. d4 cxd4 5. Nf3 d6 6. cxd4 Nc6 7. Bc4 Nb6 8. Bb5 dxe5 9. Nxe5 Bd7 10. Nc3 Nxe5 11. dxe5 Bxb5 12. Nxb5 Qxd1+ 13. Kxd1 O-O-O 14. Ke2 a6 15. Be3 Nd5 16. Rac1+ Kb8 17. Ba7+ Ka8 18. Rhd1 axb5 19. Bb6 Nxb6 20. Rxd8+ Ka7 21. b3 g6 22. Rc7 Bg7 23. Rxh8 Bxh8 24. Rxe7 Nd5 25. Rxf7 Bxe5 26. Rxh7 Nc3+ 27. Kd3 Nxa2 28. h4 Nc1+ 29. Kc2 Ne2 30. h5 gxh5 31. Rxh5 Bc7 32. g4 Bb6 33. g5 Bxf2 34. Rh2 Nd4+ 35. Kd3 Bg1 36. Rg2 Nf3 37. Rxg1 Nxg1 38. g6 Nh3 39. g7 1-0


[Site "https://www.chess.com"]

[Event "Titled Tuesday Blitz July 13 2021"]
[White "Dolzhykova, Kateryna"]
[Black "Mortazavi, Ali"]
[WhiteFideId "14113414"]
[BlackFideId "401323"]
[WhiteElo "2151"]
[BlackElo "2339"]
[Result "0-1"]
[Round "08"]
[TimeControl "180+1"]
[Date "2021.07.13"]
[WhiteClock "0:00:03"]
[BlackClock "0:00:10"]

1. e4 c6 2. Ne2 d5 3. e5 d4 4. d3 c5 5. Nd2 Nc6 6. f4 h5 7. Ne4 b6 8. Ng1 h4 9. Be2 Nh6 10. Bf3 Qc7 11. Bd2 e6 12. Qe2 Bb7 13. O-O-O Nf5 14. Nh3 Be7 15. Nhf2 a5 16. g4 Ne3 17. Bxe3 dxe3 18. Qxe3 Nd4 19. c3 Nxf3 20. Qxf3 b5 21. Rhe1 a4 22. g5 a3 23. b3 Rd8 24. Kb1 b4 25. c4 Rd4 26. g6 fxg6 27. Qg4 Kf7 28. Rg1 Rh6 29. Qe2 Qd7 30. Ng4 Rh5 31. Rgf1 Kg8 32. h3 Bc6 33. Nh2 Qd8 34. Nf3 Rd7 35. Nfg5 Bxg5 36. Nxg5 Qe7 37. Rg1 Rd4 38. Rdf1 Qd7 39. Kc2 Kf8 40. Ne4 Bxe4 41. dxe4 Qc6 42. Re1 Kf7 43. Rgf1 Kg8 44. Rf3 Kh7 45. Re3 g5 46. f5 Rh6 47. fxe6 Qxe6 48. Rd1 Qxe5 49. Rxd4 Qxd4 50. Rd3 Qb2+ 51. Kd1 Qb1+ 52. Kd2 Qxa2+ 53. Ke1 Qa1+ 54. Kf2 Rf6+ 55. Kg2 Qe5 56. Qh5+ Rh6 57. Qe2 g4 58. hxg4 Qg5 59. e5 Rg6 60. Kh3 Qc1 61. e6 Qh1+ 62. Qh2 Qf1+ 63. Qg2 Qxd3+ 64. Kxh4 Rh6+ 65. Kg5 Rxe6 66. Qh2+ Rh6 67. Qb8 Qg6+ 68. Kf4 a2 69. Qa8 Qf6+ 70. Kg3 a1=Q 71. Qe4+ Qg6 72. Qe7 Qc3+ 73. Kf2 Qgc2+ 74. Kf1 Rh1# 0-1


[Site "https://www.chess.com"]

[Event "Titled Tuesday Blitz July 13 2021"]
[White "Elgersma, Onno"]
[Black "Horton, Andrew P"]
[WhiteFideId "1053531"]
[BlackFideId "424269"]
[WhiteElo "2452"]
[BlackElo "2401"]
[Result "0-1"]
[Round "08"]
[TimeControl "180+1"]
[Date "2021.07.13"]
[WhiteClock "0:00:01"]
[BlackClock "0:00:02"]

1. d4 Nf6 2. Nf3 c6 3. Bg5 d6 4. Bxf6 gxf6 5. e4 f5 6. exf5 Bxf5 7. Bd3 Nd7 8. b4 Bxd3 9. Qxd3 Qb6 10. Nbd2 Bg7 11. O-O O-O 12. Rfe1 Rfe8 13. Ng5 Nf8 14. Qf5 Qxd4 15. Qxf7+ Kh8 16. Ndf3 Qf6 17. Qb3 d5 18. Ne5 Kg8 19. Qg3 e6 20. Re3 Re7 21. Rae1 h6 22. Nh3 Qf5 23. Ng4 Kh8 24. Rf3 Qxc2 25. Qh4 Ng6 26. Qh5 Rf8 27. Nxh6 Rxf3 28. Ng4+ Kg8 29. gxf3 Qf5 30. Ng5 Nf8 31. Re5 Qg6 32. Qxg6 Nxg6 33. Rxe6 Rxe6 34. Nxe6 Kf7 35. Ng5+ Ke7 36. Ne3 Bf6 37. Nh3 Ke6 38. f4 Kf7 39. f5 Ne7 40. Nf4 Bg5 41. Ne6 Bxe3 42. fxe3 Kf6 43. Nd8 b6 44. Kf2 Kxf5 45. Kf3 c5 46. bxc5 bxc5 47. Nb7 c4 48. e4+ dxe4+ 49. Ke3 Ke5 50. Na5 Nd5+ 51. Kd2 c3+ 52. Kc2 e3 53. Kd3 Kf4 54. Nc4 Nb4+ 55. Kxc3 Nxa2+ 56. Kd3 Nb4+ 57. Ke2 Nd5 58. Nxe3 Nxe3 59. Kd3 Nd5 60. Kc4 Nc7 61. Kc5 Kg4 62. Kc6 Kh3 63. Kb7 a5 0-1


[Site "https://www.chess.com"]

[Event "Titled Tuesday Blitz July 13 2021"]
[White "Erdogdu, Mert"]
[Black "Dushyant Sharma"]
[WhiteFideId "6301495"]
[BlackFideId "25065130"]
[WhiteElo "2485"]
[BlackElo "2019"]
[Result "1-0"]
[Round "08"]
[TimeControl "180+1"]
[Date "2021.07.13"]
[WhiteClock "0:00:12"]
[BlackClock "0:00:06"]

1. e4 d5 2. exd5 Nf6 3. Bb5+ c6 4. dxc6 Nxc6 5. d4 Bg4 6. Nf3 e6 7. c3 Bd6 8. Nbd2 O-O 9. O-O Rc8 10. Nc4 Bb8 11. Bg5 a6 12. Bxc6 Rxc6 13. Ne3 Bh5 14. Bh4 h6 15. Re1 Re8 16. Qe2 Qb6 17. Bxf6 gxf6 18. Rad1 f5 19. Nxf5 Qa5 20. Ng3 Bxg3 21. hxg3 Qxa2 22. Rd2 Qd5 23. Qe4 Qxe4 24. Rxe4 Bxf3 25. gxf3 b5 26. f4 Rd8 27. Re5 Rb8 28. f5 b4 29. fxe6 fxe6 30. Rc2 bxc3 31. bxc3 Kf7 32. Kf1 Rc4 33. Ke2 Ra4 34. Kd3 a5 35. Rc5 Ra1 36. Rc7+ Kf6 37. Ra7 a4 38. Ra6 a3 39. Re2 Rb2 40. Raxe6+ Kf7 41. Re7+ Kf6 42. R2e6+ Kf5 43. f3 Rd1+ 44. Kc4 a2 45. Ra6 a1=Q 46. Re5# 1-0


[Site "https://www.chess.com"]

[Event "Titled Tuesday Blitz July 13 2021"]
[White "Estrada Nieto, Julian"]
[Black "Pert, Richard G"]
[WhiteFideId "5101018"]
[BlackFideId "404748"]
[WhiteElo "2270"]
[BlackElo "2441"]
[Result "0-1"]
[Round "08"]
[TimeControl "180+1"]
[Date "2021.07.13"]
[WhiteClock "0:00:03"]
[BlackClock "0:00:16"]

1. e4 c5 2. Nf3 d6 3. Bb5+ Nc6 4. O-O Nf6 5. Re1 Bd7 6. h3 g6 7. c3 Ne5 8. Bxd7+ Nfxd7 9. d4 Nxf3+ 10. Qxf3 Bg7 11. Be3 O-O 12. Nd2 cxd4 13. cxd4 Rc8 14. Rec1 Qa5 15. Nc4 Qa6 16. Qe2 Nb6 17. b3 d5 18. exd5 Nxd5 19. Kf1 Rfd8 20. a3 Qf6 21. Kg1 Nf4 22. Bxf4 Qxf4 23. Qxe7 Bxd4 24. Ne3 Bxa1 25. Rxa1 Qc7 26. Qe4 Re8 27. Qh4 Qe7 28. Qh6 Rc5 29. Rf1 Qg5 30. Qxg5 Rxg5 31. Nc4 Rd5 32. a4 Kg7 33. Rc1 b6 34. Kf1 h5 35. Ne3 Rd3 36. Rb1 Rc8 37. Ke2 Rcc3 38. Rb2 Rxb3 39. Rc2 Rdc3 40. Rd2 Ra3 41. Rd7 Rxa4 42. Kf3 Rb3 43. g4 hxg4+ 44. hxg4 a5 45. g5 Rb5 0-1


[Site "https://www.chess.com"]

[Event "Titled Tuesday Blitz July 13 2021"]
[White "FGHSMN"]
[Black "Przybylski, Wojciech"]
[BlackFideId "1117599"]
[WhiteElo "2501"]
[BlackElo "2317"]
[Result "1-0"]
[Round "08"]
[TimeControl "180+1"]
[Date "2021.07.13"]
[WhiteClock "0:00:07"]
[BlackClock "0:00:01"]

1. e4 c5 2. Nf3 d6 3. Bb5+ Bd7 4. Bxd7+ Qxd7 5. c4 Nf6 6. Nc3 Nc6 7. d4 cxd4 8. Nxd4 e6 9. O-O Be7 10. Be3 O-O 11. f3 Rac8 12. Re1 a6 13. a4 Rfe8 14. Rc1 Ne5 15. b3 d5 16. cxd5 exd5 17. Nxd5 Nxd5 18. Rxc8 Rxc8 19. exd5 Qxd5 20. Nf5 Qxd1 21. Rxd1 Bf8 22. Bd4 Nc6 23. Bb2 Rd8 24. Rxd8 Nxd8 25. Kf2 f6 26. h4 Kf7 27. h5 g6 28. Ne3 gxh5 29. Nd5 Bg7 30. Kg3 Ne6 31. b4 f5 32. Bxg7 Kxg7 33. Kh4 Kg6 34. Ne7+ Kf6 35. Nc8 Nf4 36. g3 Ne2 37. Nd6 b6 38. Nc8 b5 39. a5 Nd4 40. Na7 Nc2 41. Nc6 Kg6 42. Ne7+ Kf6 43. Nc6 Kg6 44. f4 Kf6 45. Kxh5 Ne3 46. Kh6 Nd5 47. Kxh7 Ne3 48. Nb8 1-0


[Site "https://www.chess.com"]

[Event "Titled Tuesday Blitz July 13 2021"]
[White "Gabdushev, Ruslan"]
[Black "Hryshchenko, Kamila"]
[WhiteFideId "4137833"]
[BlackFideId "14147491"]
[WhiteElo "2312"]
[BlackElo "1966"]
[Result "0-1"]
[Round "08"]
[TimeControl "180+1"]
[Date "2021.07.13"]
[WhiteClock "0:00:01"]
[BlackClock "0:00:10"]

1. c4 e6 2. d3 f5 3. g3 Nf6 4. Bg2 d6 5. Nc3 Be7 6. Nf3 O-O 7. O-O a5 8. a3 Qe8 9. Rb1 a4 10. b4 axb3 11. Qxb3 Kh8 12. Nb5 Na6 13. d4 Ne4 14. Nd2 Ng5 15. Nc3 e5 16. e3 e4 17. Nd5 Bd8 18. f3 c6 19. Nf4 exf3 20. Nxf3 Ne4 21. Nd2 Nf6 22. Qd3 Nc7 23. d5 cxd5 24. cxd5 Na6 25. Nb3 Ne4 26. Bb2 Bd7 27. Qd4 Bf6 28. Qb6 Bxb2 29. Rxb2 Qe5 30. Nd4 Nac5 31. Nde6 Ra6 32. Qb4 Bxe6 33. dxe6 g6 34. Bxe4 Ra4 35. Qb6 Rxe4 36. Rd1 Rxe3 37. Rxd6 Re1+ 38. Kg2 Na4 39. Rd8 Nxb6 40. Rxf8+ Kg7 41. Rf7+ Kh6 42. Rxb6 Qe4+ 43. Kh3 Qf3 44. e7 Qg4+ 45. Kg2 Qd1 0-1


[Site "https://www.chess.com"]

[Event "Titled Tuesday Blitz July 13 2021"]
[White "Gabrielian, Artur"]
[Black "Borsuk, Konstantin"]
[WhiteFideId "4131002"]
[BlackFideId "14113406"]
[WhiteElo "2523"]
[BlackElo "2363"]
[Result "1/2-1/2"]
[Round "08"]
[TimeControl "180+1"]
[Date "2021.07.13"]
[WhiteClock "0:00:20"]
[BlackClock "0:00:27"]

1. e4 e6 2. d4 d5 3. Nd2 Nf6 4. e5 Nfd7 5. Bd3 c5 6. c3 Nc6 7. Ne2 b6 8. O-O cxd4 9. cxd4 Nb4 10. Bb1 Ba6 11. Nf3 Be7 12. a3 Nc6 13. Re1 Qc7 14. Ng3 O-O-O 15. Bg5 Kb8 16. Bxe7 Nxe7 17. Bd3 Bxd3 18. Qxd3 Rc8 19. Ng5 Qc2 20. Qb5 Nc6 21. Nxf7 Rhf8 22. Rac1 Nxd4 23. Rxc2 Nxb5 24. Rxc8+ Rxc8 25. Ng5 d4 26. Nxe6 d3 27. Nf1 Re8 28. Nxg7 Rxe5 29. Rxe5 Nxe5 30. Nd2 Nd6 31. Kf1 Nec4 32. Ke1 Nxb2 33. f4 Kc7 34. Ne6+ Kd7 35. Ng5 h6 36. Ngf3 Ke6 37. g4 Kd5 38. h4 Nbc4 39. g5 hxg5 40. fxg5 Nxa3 41. h5 Nc2+ 42. Kf2 Ke6 43. h6 Kf5 44. h7 Nf7 45. Nc4 Nh8 46. Nd6+ Kg6 47. Ne5+ Kxh7 48. Nxd3 a5 49. Nc4 a4 50. Nxb6 a3 51. Nc1 Kg6 52. Nc4 Kxg5 53. Ke2 a2 54. Nxa2 Nd4+ 55. Kd3 Nf5 56. Nc3 Nf7 57. Ne4+ Kf4 58. Nc5 Ne5+ 59. Nxe5 Kxe5 1/2-1/2


[Site "https://www.chess.com"]

[Event "Titled Tuesday Blitz July 13 2021"]
[White "Gelman, Alexander"]
[Black "Jarovinsky, Alexey"]
[WhiteFideId "4118316"]
[BlackFideId "14115131"]
[WhiteElo "2375"]
[BlackElo "2446"]
[Result "0-1"]
[Round "08"]
[TimeControl "180+1"]
[Date "2021.07.13"]
[WhiteClock "0:00:06"]
[BlackClock "0:00:04"]

1. d4 Nc6 2. Nc3 d5 3. Bf4 e6 4. Nb5 Bd6 5. Nxd6+ cxd6 6. Nf3 Nge7 7. e3 f6 8. Be2 e5 9. Bg3 Be6 10. O-O O-O 11. b3 Nf5 12. c4 Nxg3 13. hxg3 Rc8 14. Rc1 Qa5 15. cxd5 Bxd5 16. dxe5 dxe5 17. Qxd5+ Qxd5 18. Bc4 Rfd8 19. Bxd5+ Rxd5 20. Rc2 Rcd8 21. Rfc1 Rd1+ 22. Rxd1 Rxd1+ 23. Kh2 Kf7 24. g4 Ke6 25. g5 f5 26. Kg3 e4 27. Nh4 g6 28. f3 Rd3 29. Kf2 a5 30. fxe4 fxe4 31. Rc4 Kd5 32. Ke2 b5 33. Rc1 Nb4 34. Rc7 Nxa2 35. Rxh7 Nc3+ 36. Kf2 Nd1+ 37. Ke2 Nc3+ 38. Kf2 Nd1+ 39. Ke2 Nxe3 40. Nxg6 Nxg2 41. Ne7+ Ke6 42. Nc6 Nf4+ 43. Kf2 Rf3+ 44. Ke1 Kd5 45. Ne7+ Kd4 46. Nf5+ Kc3 47. Re7 Kxb3 48. Rxe4 a4 49. Nd4+ Kb2 50. Nxf3 a3 0-1


[Site "https://www.chess.com"]

[Event "Titled Tuesday Blitz July 13 2021"]
[White "Ghazarian, Kirk"]
[Black "Jodorcovsky Werjivker, Paulo"]
[WhiteFideId "30908604"]
[BlackFideId "3700305"]
[WhiteElo "2003"]
[BlackElo "2142"]
[Result "1-0"]
[Round "08"]
[TimeControl "180+1"]
[Date "2021.07.13"]
[WhiteClock "0:00:05"]
[BlackClock "0:00:11"]

1. e4 e5 2. Nf3 Nc6 3. Bc4 Nf6 4. Ng5 d5 5. exd5 Na5 6. Bb5+ c6 7. dxc6 bxc6 8. Be2 Nd5 9. d3 Be7 10. Nf3 Qc7 11. Nc3 O-O 12. O-O Be6 13. Nxd5 cxd5 14. d4 e4 15. Ne5 Bd6 16. f4 exf3 17. Nxf3 Rac8 18. c3 Nc4 19. Bd3 h6 20. h3 Qd7 21. Bxc4 Rxc4 22. Ne5 Bxe5 23. dxe5 d4 24. cxd4 Rxd4 25. Qf3 Bd5 26. Qg3 Kh7 27. Bf4 Ba8 28. Rf2 Rd3 29. Qg4 Qd4 30. Qf5+ Kg8 31. Rf1 Qd5 32. Kh2 Bb7 33. Qg4 Bc8 34. Qh4 Rd4 35. Qg3 Kh7 36. b3 Bb7 37. Qg4 f5 38. Qe2 Re4 39. Qd2 Rd4 40. Qc2 g5 41. Bg3 Re4 42. Rxf5 Rxf5 43. Rxf5 Bc6 44. Rf2 Kg7 45. Qd2 Rd4 46. Qc3 Rd3 47. Qb2 Re3 48. e6+ Kg6 49. Qf6+ Kh5 50. Qf7# 1-0


[Site "https://www.chess.com"]

[Event "Titled Tuesday Blitz July 13 2021"]
[White "Grebeniuk, Semen"]
[Black "Nguyen Hong Nhung"]
[WhiteFideId "14117509"]
[BlackFideId "12412201"]
[WhiteElo "2232"]
[BlackElo "1661"]
[Result "1-0"]
[Round "08"]
[TimeControl "180+1"]
[Date "2021.07.13"]
[WhiteClock "0:00:22"]
[BlackClock "0:00:19"]

1. d4 f5 2. g3 Nf6 3. Bg2 g6 4. c3 Bg7 5. Nh3 c6 6. O-O O-O 7. Nd2 d6 8. Qb3+ Kh8 9. Ng5 Qe8 10. Ne6 Bxe6 11. Qxe6 Na6 12. Qb3 Rb8 13. e4 e5 14. exf5 gxf5 15. Nc4 Qe6 16. Ne3 Qd7 17. Bh3 Ng4 18. Rd1 Qe7 19. Nxf5 Rxf5 20. Bxg4 Rf7 21. Be3 Rbf8 22. Qe6 exd4 23. Qxe7 Rxe7 24. Bxd4 Bxd4 25. Rxd4 d5 26. Rad1 Rfe8 27. Kg2 Kg7 28. c4 Nc7 29. cxd5 Nxd5 30. Bf3 Nf6 31. h4 Re5 32. R1d2 c5 33. Rf4 b6 34. Rd6 R8e6 35. Rxe6 Rxe6 36. g4 h6 37. g5 hxg5 38. hxg5 Nd7 39. Bg4 Rd6 40. Bxd7 Rxd7 41. b4 Kg6 42. bxc5 Kxg5 43. Rc4 bxc5 44. Rxc5+ Kf4 45. Rc4+ Ke5 46. Ra4 Rf7 47. Kg3 Rg7+ 48. Kf3 Rf7+ 49. Ke3 Kd5 50. f4 Kc5 51. Ke4 Kb5 52. Rd4 a5 53. f5 Rh7 54. Ke5 Rh1 55. f6 Kc5 56. Rf4 Re1+ 57. Kf5 Kd6 58. Kg6 Rg1+ 59. Kf7 Ke5 60. Rf2 Rh1 61. Ke7 Rh7+ 62. f7 Rg7 63. Ke8 Rxf7 64. Kxf7 Kd4 65. Ke6 Kc4 66. Kd6 Kb4 67. Kc6 a4 68. Kb6 Ka3 69. Kc6 Kb4 70. Kd5 Ka3 71. Ke4 Kb4 72. Kf3 Ka3 73. Kg2 Kb4 74. Kf1 Ka3 75. Ke1 Kb4 76. Kd1 Ka3 77. Kc1 Kb4 78. Kb2 Kc4 79. Ka3 Kb5 80. Rf4 Ka5 81. Rxa4+ Kb5 82. Rd4 1-0


[Site "https://www.chess.com"]

[Event "Titled Tuesday Blitz July 13 2021"]
[White "Gurevich, Dmitry"]
[Black "Aradhya, Garg"]
[WhiteFideId "2000407"]
[BlackFideId "25006746"]
[WhiteElo "2506"]
[BlackElo "2146"]
[Result "1-0"]
[Round "08"]
[TimeControl "180+1"]
[Date "2021.07.13"]
[WhiteClock "0:00:07"]
[BlackClock "0:00:08"]

1. d4 d5 2. c4 c6 3. Nf3 Nf6 4. e3 Bf5 5. Nc3 e6 6. Bd3 Bg6 7. O-O Nbd7 8. b3 Bd6 9. Bb2 Qb8 10. h3 a5 11. Qc2 Bxd3 12. Qxd3 O-O 13. e4 dxe4 14. Nxe4 Nxe4 15. Qxe4 Re8 16. Ne5 Nxe5 17. dxe5 Bc5 18. Kh1 Qa7 19. f4 a4 20. f5 exf5 21. Qxf5 Re7 22. Rad1 axb3 23. axb3 Qb6 24. Rd3 Rf8 25. Rg3 Re6 26. h4 Rg6 27. Rd3 Re6 28. h5 g6 29. Qg4 Qc7 30. Rdf3 Qd8 31. g3 Qc8 32. Bc3 Rxe5 33. Qxc8 Rxh5+ 34. Kg2 Rxc8 35. Rxf7 Bf8 36. Rxb7 Re8 37. Rff7 Re2+ 38. Kf3 Rc2 39. Bg7 Rf5+ 40. Rxf5 gxf5 41. Bxf8 Kxf8 42. Rxh7 Rc3+ 43. Kf4 Rxb3 44. Rh5 Rc3 45. Rxf5+ Ke7 46. c5 Ke6 47. g4 Rc4+ 48. Kg5 Re4 49. Kh5 Rd4 50. Rg5 Re4 51. Rg6+ Kd5 52. Rg5+ Kd4 53. Rf5 Re1 54. g5 Ke4 55. Kg6 Rc1 56. Kf6 Ra1 57. Re5+ Kd4 58. g6 Ra7 59. Rg5 Rd7 60. g7 Rd8 61. g8=Q Rxg8 62. Rxg8 Kxc5 63. Ke5 Kc4 64. Kd6 c5 65. Rc8 Kd4 66. Rxc5 Ke4 67. Rd5 Ke3 68. Ke5 Kf3 69. Rd3+ Ke2 70. Ke4 Kf2 71. Re3 Kg2 72. Rf3 Kh2 73. Kf4 Kg2 74. Kg4 Kh2 75. Rf2+ Kh1 76. Kg3 Kg1 77. Rf8 Kh1 78. Rf1# 1-0


[Site "https://www.chess.com"]

[Event "Titled Tuesday Blitz July 13 2021"]
[White "Gusarov, Grigory"]
[Black "Kukhmazov, Arsen"]
[WhiteFideId "24102172"]
[BlackFideId "24108260"]
[WhiteElo "2269"]
[BlackElo "2453"]
[Result "0-1"]
[Round "08"]
[TimeControl "180+1"]
[Date "2021.07.13"]
[WhiteClock "0:00:13"]
[BlackClock "0:00:55"]

1. d4 d5 2. Nf3 Nf6 3. c4 c6 4. Nc3 dxc4 5. a4 Bf5 6. Ne5 Nbd7 7. Nxc4 Qc7 8. g3 e5 9. dxe5 Nxe5 10. Bf4 Nfd7 11. Bg2 g5 12. Nxe5 gxf4 13. Nxd7 O-O-O 14. Qd4 Qxd7 15. Qxa7 Qd2+ 16. Kf1 Qxb2 17. Qa8+ Kd7 18. Rd1+ Bd6 19. Qa5 Bc2 20. Bh3+ Ke7 21. Qg5+ Ke8 22. Rxd6 Qc1+ 23. Kg2 f3+ 24. exf3 Qxg5 25. Re1+ Kf8 26. f4 Qa5 27. Re5 Qc7 28. Rh6 Rd6 29. Rhh5 f6 30. Re3 Kg7 31. Rc5 Qf7 32. Bg4 Re8 33. Bh5 Bg6 34. Bxg6 hxg6 35. Ne4 Rde6 36. f3 Qe7 37. Rec3 f5 38. Nf2 Re2 39. Rc2 Rxc2 40. Rxc2 Qb4 41. h4 Qxa4 42. Rb2 b5 43. Rd2 Re7 44. h5 c5 45. hxg6 c4 46. g4 c3 47. Rd6 Qxf4 48. Rc6 fxg4 49. Nxg4 Re2+ 50. Nf2 Rxf2+ 51. Kxf2 Qd2+ 52. Kg3 c2 0-1


[Site "https://www.chess.com"]